 Dungeon Crawl Stone Soup version 0.26.0-10-g1f06aea511 (webtiles) character file.

Game seed: 6340778315453324715

46 Borgoz the Slasher (level 3, -1/30 HPs)
             Began as a Ghoul Gladiator on Jan 15, 2021.
             Slain by a hobgoblin (2 damage)
             ... on level 2 of the Dungeon.
             The game lasted 00:01:00 (1030 turns).

Borgoz the Slasher (Ghoul Gladiator)                Turns: 1030, Time: 00:01:00

Health: -1/30      AC:  4    Str: 17    XL:     3   Next: 66%
Magic:  2/2        EV: 12    Int:  3    God:
Gold:   44         SH:  0    Dex: 11    Spells: 2/2 levels left

rFire    . . .     SeeInvis .   a - +0 long sword
rCold    + . .     Faith    .   (no shield)
rNeg     + + +     Spirit   .   b - +0 leather armour
rPois    ∞         Reflect  .   c - +0 helmet
rElec    .         Harm     .   (no cloak)
rCorr    .         Rampage  .   (no gloves)
Will     .....                  (no boots)
Stlth    +.........             (no amulet)
HPRegen  0.00/turn              (no ring)
MPRegen  0.08/turn              (no ring)

@: no status effects
A: claws 1, cold resistance 1, negative energy resistance 3, inhibited
regeneration, torment resistance, unbreathing
a: no special abilities


You were on level 2 of the Dungeon.
You visited 1 branch of the dungeon, and saw 2 of its levels.

You collected 44 gold pieces.

Inventory:

Hand Weapons
 a - a +0 long sword (weapon)
Missiles
 d - 3 throwing nets (quivered)
Armour
 b - a +0 leather armour (worn)
 c - a +0 helmet (worn)
Jewellery
 g - an uncursed ring of ice {unknown}
 i - an uncursed ring of see invisible {unknown}
Scrolls
 e - a scroll of enchant weapon {unknown}
 f - a scroll of teleportation {unknown}
 h - a scroll of magic mapping {unknown}


   Skills:
 + Level 2.6 Fighting
 * Level 3.2 Long Blades
 - Level 1.7 Throwing
 * Level 1.4 Armour
 + Level 3.0 Dodging


You had 2 spell levels left.
You didn't know any spells.
Your spell library was empty.

Dungeon Overview and Level Annotations

Branches:
Dungeon (2/15)

Altars:
Trog
The Shining One


Innate Abilities, Weirdness & Mutations

You thrive by killing the living.
You are immune to poison.
You have sharp fingernails.
Your flesh is cold resistant. (rC+)
You are immune to negative energy. (rN+++)
You do not regenerate when monsters are visible.
You are immune to unholy pain and torment.
You can survive without breathing.


Message History

You barely miss the hobgoblin. The bat barely misses you.
The hobgoblin hits you but does no damage.
You closely miss the hobgoblin. The bat hits you but does no damage.
The bat closely misses you. The hobgoblin hits you.
* * * LOW HITPOINT WARNING * * *
You hit the hobgoblin.
The hobgoblin is severely wounded.
The bat hits you but does no damage. The hobgoblin hits you.
* * * LOW HITPOINT WARNING * * *
You aren't carrying any potions.
You aren't carrying any potions.
You barely miss the hobgoblin.
The hobgoblin is severely wounded.
The bat misses you. The hobgoblin misses you.
You barely miss the hobgoblin.
The hobgoblin is severely wounded.
The bat hits you.
* * * LOW HITPOINT WARNING * * *
The hobgoblin hits you.
You die...

####........ .#
......#....#..#
...#.....#.#...
..............
.............###
.................
..........g.....#
...........@...# #
...........b...#.#
(............_.#.##
...........)...^....
..................##
............#..##...
...........)....# #>
#.##......)###...
#..⌠...⌠†.##..#.


You could see a hobgoblin and a bat.

Vanquished Creatures
  An adder (D:2)
  An ooze (D:1)
  A worm (D:2)
  A giant cockroach (D:1)
  3 goblins
  6 hobgoblins
  4 jackals (D:1)
  4 kobolds
  A quokka (D:2)
  A bat (D:2)
  A frilled lizard (D:1)
  A rat (D:1)
25 creatures vanquished.

Notes
Turn   | Place    | Note
-------+----------+-------------------------------------------
     0 | D:1      | Borgoz the Ghoul Gladiator began the quest for the Orb.
     0 | D:1      | Reached XP level 1. HP: 17/17 MP: 0/0
   146 | D:1      | Found a glowing golden altar of the Shining One.
   171 | D:1      | Reached XP level 2. HP: 21/25 MP: 1/1
   371 | D:1      | Reached skill level 1 in Armour
   954 | D:2      | Reached XP level 3. HP: 30/30 MP: 2/2
   977 | D:2      | Found a bloodstained altar of Trog.
  1030 | D:2      | HP: 1/30 [bat (1)]
  1030 | D:2      | Slain by a hobgoblin

Illustrated notes

Levels and vault maps discovered:
D:1:      minmay_arrival_shoal_huts, layout_basic, tso_metal_star
D:2:      layout_rooms, bloody_trog, grunt_ministairs_10, elyvilon_altar_1

Skill      XL: |  1  2  3 |
---------------+----------+-----
Armour         | 1 |  1.4
Long Blades    | 3 |  3.2
Dodging        | 3 |  3.0
Fighting       | |  2.6
Throwing       | |  1.7

Action                   || total
-------------------------++-------
Melee: Long sword        ||    78
Armor: Leather armour    ||    31
Dodge: Dodged            ||    71
       Rpst.: Long sword ||    21
